 Dungeon Crawl Stone Soup version 0.23.0 (webtiles) character file.

Game seed: 12652746915309799978

3549 ZoopityBooper the Carver (level 10, -17/77 HPs)
             Began as a Hill Orc Fighter on Feb 19, 2019.
             Was a Follower of Makhleb.
             Demolished by Gastronok (23 damage)
             ... on level 8 of the Dungeon.
             The game lasted 00:32:59 (7479 turns).

ZoopityBooper the Carver (Hill Orc Fighter)         Turns: 7479, Time: 00:32:59

Health: -17/77     AC: 20    Str: 27    XL:     10   Next: 9%
Magic:  10/10      EV:  6    Int:  8    God:    Makhleb [*.....]
Gold:   395        SH: 11    Dex: 13    Spells: 9/9 levels left

rFire    + . .     SeeInvis .   A - +1 long sword (holy)
rCold    + . .     Gourm    .   c - +1 shield
rNeg     . . .     Faith    .   B - +5 chain mail of Hilarukk {+Fly Str+2}
rPois    +         Spirit   .   t - +0 helmet
rElec    .         Reflect  .   R - scarf {rC+ rF+}
rCorr    .         Harm     .   (no gloves)
MR       .....     Clarity  +   (no boots)
Stlth    ..........             (no amulet)
HPRegen  0.22/turn              r - +5 ring of protection
MPRegen  0.12/turn              C - ring of poison resistance

@: mighty, slowed, lightly drained, very slow
A: clarity, sense surroundings 1
a: Renounce Religion, Evoke Flight


You were on level 8 of the Dungeon.
You worshipped Makhleb.
Makhleb was aware of your devotion.
You were not hungry.

You visited 2 branches of the dungeon, and saw 10 of its levels.

You collected 395 gold pieces.

Inventory:

Hand Weapons
 a - a +0 long sword
 A - a +1 long sword of holy wrath (weapon)
 Q - a +0 shortbow
Missiles
 g - 129 arrows
 i - 27 sling bullets
 x - 93 bolts
 P - a throwing net (quivered)
Armour
 b - a +0 scale mail
 c - a +1 shield (worn)
 n - a +0 cloak
 t - a +0 helmet (worn)
 v - a +0 plate armour
 B - the +5 chain mail of Hilarukk (worn) {+Fly Str+2}
   (You found it on level 4 of the Dungeon)

   It affects your strength (+2).
   It lets you fly.
 F - the +0 ring mail "Daujaw" {rElec rPois rF-}
   (You found it on level 4 of the Dungeon)

   It makes you vulnerable to fire.
   It insulates you from electricity.
   It protects you from poison.
 R - a scarf of resistance (worn)
Jewellery
 r - a +5 ring of protection (left hand)
 s - an uncursed ring of fire
 w - an uncursed ring of magical power
 C - a ring of poison resistance (right hand)
 J - an uncursed ring of teleportation
 O - an uncursed ring of wizardry
Wands
 z - a wand of polymorph (6)
 K - a wand of disintegration (16)
Scrolls
 e - 4 scrolls of remove curse
 h - a scroll of fog {unknown}
 m - a scroll of enchant weapon {unknown}
 q - a scroll of magic mapping {unknown}
 y - 3 scrolls of identify
 E - 4 scrolls of enchant armour
 G - a scroll of teleportation {unknown}
 L - a scroll of blinking
 N - a scroll of amnesia {unknown}
Potions
 d - a potion of might
 j - a potion of resistance
 k - 5 potions of curing
 o - a potion of lignification
 p - 2 potions of haste
 u - a potion of ambrosia
 D - a potion of mutation
 H - a potion of degeneration {unknown}
 M - a potion of berserk rage {unknown}
Comestibles
 f - 14 rations
 I - 2 chunks of flesh


   Skills:
 - Level 3.6(3.4) Fighting
 + Level 14.7(14.5) Long Blades
 - Level 3.2(3.1) Armour
 - Level 3.2(3.1) Shields


You had 9 spell levels left.
You didn't know any spells.
Your spell library was empty.

Dungeon Overview and Level Annotations

Branches:
Dungeon (9/15)             Temple (1/1) D:7
   Lair: D:8-11         Orc: D:9-12

Altars:
Ashenzari
Dithmenos
Elyvilon
Gozag
Hepliaklqana
Kikubaaqudgha
Makhleb
Nemelex Xobeh
Qazlal
Ru
Sif Muna
Trog
Uskayaw
Xom
Yredelemnul
Zin
The Shining One

Shops:
D:4 :   D:7 =   D:8 %

Annotations:
D:8 Gastronok


Innate Abilities, Weirdness & Mutations

You possess an exceptional clarity of mind.
You passively map a small area around you.


Message History

Gastronok is heavily wounded.
Gastronok sloshes about.
Gastronok bites you!!
* * * LOW HITPOINT WARNING * * *
You hit Gastronok.
Gastronok is heavily wounded.
You slash Gastronok!
Gastronok is severely wounded.
Gastronok casts a spell at you.
You feel as though you will be slow longer.
You slash Gastronok!
Gastronok is severely wounded.
You slash Gastronok!
Gastronok is almost dead.
Gastronok bites you!!
* * * LOW HITPOINT WARNING * * *
You slice Gastronok!!
Gastronok is almost dead.
Gastronok bites you!!
You die...

#.....# ####### ##
......###############.....#####..
*#.............................w.
#....#........#.####.....#####..
#..).#........#.# #.....# ..
#.............#.# #.....# ..
##.............#.# #.....# ..
...............#.# #.....# ..
#######........#@####.....# ..
#######........#w#........# ##
...............#.#........#
.....(.........#...........
...............#...........#
...............#...........#
##...........###...........#
##...........###.8.........#
##.............#...........#


You could see Gastronok.

Vanquished Creatures
  Prince Ribbit (D:7)
  A human (D:7)
  4 hogs (D:7)
  2 hungry ghosts (D:8)
  A steam dragon (D:7)
  An orc warrior (D:7)
  A sky beast (D:7)
  A black bear (D:6)
  3 ice beasts
  A phantom (D:7)
  2 centaurs
  3 ogres (D:4)
  A bullfrog (D:6)
  6 scorpions
  4 howler monkeys
  2 crimson imps
  A quasit (D:8)
  An orc priest (D:7)
  A jelly (D:6)
  2 hounds
  A bullfrog skeleton (D:9)
  3 iguanas
  4 worker ants
  An orc wizard (D:3)
  A worker ant zombie (D:5)
  4 gnolls (D:7)
  7 adders
  4 shadow imps
  An adder skeleton (D:7)
  7 worms
  3 dart slugs
  7 leopard geckos
  21 orcs
  5 ball pythons
  7 giant cockroaches
  4 hobgoblins
  8 jackals
  4 quokkas
  11 bats
  4 frilled lizards
  7 goblins
  2 jackal skeletons
  5 kobolds
  A quokka skeleton (D:4)
  5 rats
166 creatures vanquished.

Notes
Turn   | Place    | Note
-------+----------+-------------------------------------------
     0 | D:1      | ZoopityBooper the Hill Orc Fighter began the quest for the
                  | Orb.
     0 | D:1      | Reached XP level 1. HP: 19/19 MP: 1/1
    44 | D:1      | You fall through a shaft!
    72 | D:2      | Reached skill level 3 in Long Blades
    72 | D:2      | Reached XP level 2. HP: 21/26 MP: 2/2
   254 | D:1      | Reached XP level 3. HP: 26/31 MP: 3/3
   347 | D:1      | Reached skill level 4 in Long Blades
  1065 | D:2      | Reached XP level 4. HP: 39/39 MP: 4/4
  1487 | D:2      | Reached skill level 5 in Long Blades
  1797 | D:3      | Reached XP level 5. HP: 16/45 MP: 5/5
  2709 | D:3      | Reached skill level 6 in Long Blades
  2823 | D:4      | Noticed an ogre
  2835 | D:4      | Killed an ogre
  2835 | D:4      | Reached XP level 6. HP: 23/51 MP: 6/6
  3130 | D:4      | Reached skill level 7 in Long Blades
  3392 | D:4      | Got a heavily runed chain mail
  3415 | D:4      | Identified the +5 chain mail of Hilarukk {+Fly Str+2} (You
                  | found it on level 4 of the Dungeon)
  3479 | D:4      | Found Qysaxta's Book Shoppe.
  3533 | D:4      | Reached skill level 8 in Long Blades
  3533 | D:4      | Reached XP level 7. HP: 46/57 MP: 7/7
  3577 | D:4      | Got a faintly glowing ring mail
  3718 | D:4      | Identified the cursed +0 ring mail "Daujaw" {rElec rPois
                  | rF-} (You found it on level 4 of the Dungeon)
  3753 | D:5      | Entered Level 5 of the Dungeon
  4257 | D:5      | Found a burning altar of Makhleb.
  4389 | D:5      | Reached skill level 9 in Long Blades
  4767 | D:6      | Reached skill level 10 in Long Blades
  4767 | D:6      | Reached XP level 8. HP: 64/64 MP: 8/8
  5527 | D:7      | Reached skill level 11 in Long Blades
  5543 | D:7      | Found a staircase to the Ecumenical Temple.
  5595 | Temple   | Entered the Ecumenical Temple
  5980 | D:5      | Became a worshipper of Makhleb the Destroyer
  6046 | D:7      | Reached skill level 12 in Long Blades
  6048 | D:7      | Reached XP level 9. HP: 61/70 MP: 9/9
  6126 | D:7      | Found Edopuam's Jewellery Shoppe.
  6292 | D:7      | Found a stormy altar of Qazlal.
  6405 | D:7      | Noticed Prince Ribbit
  6433 | D:7      | Killed Prince Ribbit
  6513 | D:7      | Reached skill level 13 in Long Blades
  7088 | D:8      | Reached skill level 14 in Long Blades
  7179 | D:8      | Found a hazy altar of Hepliaklqana.
  7193 | D:8      | Reached XP level 10. HP: 68/77 MP: 10/10
  7273 | D:8      | Noticed Gastronok
  7277 | D:8      | Found Tafeacon's Food Emporium.
  7310 | D:7      | Reached * piety under Makhleb
  7322 | D:7      | Gained mutation: You passively map a small area around you.
                  | [potion of mutation]
  7322 | D:7      | Gained mutation: You possess an exceptional clarity of
                  | mind. [potion of mutation]
  7479 | D:8      | Demolished by Gastronok

Skill      XL: |  1  2  3  4  5  6  7  8  9 |
---------------+----------------------------+-----
Long Blades    | 3 4 5 6 8 10 12 14 | 14.7
Fighting       | |  3.6
Armour         | |  3.2
Shields        | |  3.2

Action                   |  1- 3 |  4- 6 |  7- 9 | 10-12 || total
-------------------------+-------+-------+-------+-------++-------
Melee: Long sword        |   109 |   179 |   368 |    60 ||   716
  Use: Scroll            |       |       |     2 |     3 ||     5
       Potion            |       |       |       |     7 ||     7
  Eat: Chunk             |     1 |     8 |    12 |       ||    21
       Ration            |       |       |     1 |     1 ||     2
Armor: Scale mail        |    72 |    82 |       |       ||   154
       Plate armour      |       |    19 |       |       ||    19
       Chain mail        |       |     3 |   190 |    22 ||   215
Dodge: Dodged            |    49 |    43 |    56 |     5 ||   153
Block: Shield            |    61 |    71 |   160 |    13 ||   305
       Rpst.: Long sword |    12 |    10 |    18 |     1 ||    41
